Map: Odyssey LE

Players

Scarlett - Winner!

  • Race: Zerg Zerg
  • League: Master
  • Spawn Location: 11:00

Neeb

  • Race: Protoss Protoss
  • League: Master
  • Spawn Location: 5:00

VOD

Have the link to the VOD?

Description

Time

  • Played on: Dec. 24, 2017, 8:46 p.m.
  • Length: 10:51
Show
View Real Time Build Order
Export as new Build Order

Scarlett Zerg - Winner!

Build Orders: Hatch First, Lurkers 

Get SALT Encoding   

  12  0:01  Drone  
  13  0:12  Overlord  
  13  0:18  Drone  
  14  0:31  Drone x2  
  14  0:35  Drone  
  17  0:51  Drone  
  17  0:56  Drone  
  19  1:00  Hatchery  
  18  1:06  Extractor  
  17  1:12  Spawning Pool  
  17  1:15  Drone  
  17  1:19  Drone  
  18  1:29  Drone  
  19  1:39  Drone  
  20  1:50  Overlord  
  20  2:00  Queen  
  22  2:06  Metabolic Boost  
  22  2:09  Zergling x2  
  22  2:13  Hatchery  
  22  2:16  Drone  
  23  2:23  Queen  
  23  2:28  Drone  
  26  2:30  Drone  
  26  2:33  Drone  
  28  2:39  Overlord  
  28  2:41  Zergling x2  
  29  2:45  Zergling x2  
  30  2:51  Queen  
  30  2:56  Drone  
  30  2:57  Drone  
  34  2:59  Drone  
  35  3:07  Queen  
  37  3:14  Overlord, Zergling x2  
  38  3:20  Drone x2  
  38  3:25  Zergling x2  
  41  3:34  Zergling x2  
  41  3:37  Drone x6  
  45  3:42  Drone  
  45  3:45  Spore Crawler  
  43  3:48  Drone  
  43  3:49  Drone  
  43  3:51  Drone  
  43  3:53  Drone  
  47  3:56  Drone  
  47  4:00  Drone x2  
  50  4:05  Spore Crawler  
  48  4:16  Drone  
  52  4:17  Drone x4  
  52  4:20  Overlord  
  52  4:23  Drone  
  53  4:30  Overlord, Drone x4  
  56  4:38  Evolution Chamber, Overlord  
  54  4:42  Drone  
  54  4:43  Drone x3  
  57  4:48  Lair  
  57  4:50  Drone x2  
  57  4:52  Extractor x2  
  57  4:54  Spore Crawler  
  57  4:58  Drone x4  
  60  5:03  Drone x2  
  60  5:04  Drone x2  
  60  5:06  Zergling x4  
  66  5:09  Zerg Melee Weapons Level 1  
  66  5:15  Zergling x12  
  66  5:20  Queen  
  74  5:26  Overlord  
  74  5:27  Overlord x2  
  74  5:33  Extractor  
  73  5:40  Zergling x2  
  72  5:47  Zergling x10  
  72  5:48  Drone x6  
  68  5:57  Drone x2  
  68  5:59  Extractor  
  68  6:00  Extractor  
  67  6:09  Drone x5  
  67  6:10  Drone x2  
  70  6:17  Drone  
  72  6:18  Drone  
  72  6:20  Hydralisk Den  
  72  6:21  Drone  
  72  6:30  Drone x2  
  74  6:34  Hatchery  
  74  6:36  Drone  
  74  6:37  Drone  
  76  6:40  Drone x3  
  76  6:42  Drone  
  79  6:53  Drone x2  
  79  6:54  Drone  
  82  6:57  Lurker Den  
  82  6:58  Muscular Augments  
  82  6:59  Overlord x2  
  82  7:00  Hydralisk x4  
  82  7:01  Overseer  
  89  7:07  Hydralisk  
  89  7:08  Hydralisk x2  
  95  7:16  Hydralisk x5  
  105  7:27  Overlord x6  
  105  7:34  Hydralisk x3  
  111  7:40  Hydralisk  
  111  7:43  Overlord x2  
  112  7:50  Hydralisk x6  
  124  8:03  Hydralisk x5  
  132  8:08  Hydralisk  
  132  8:09  Hydralisk  
  132  8:10  Zergling x2  
  131  8:19  Evolution Chamber, Drone x3  
  122  8:20  Evolution Chamber  
  121  8:29  Overlord x2  
  121  8:30  Drone x3  
  121  8:31  Hydralisk x5  
  134  8:38  Zergling x4  
  136  8:46  Zerg Missile Weapons Level 1  
  135  8:51  Zergling x10  
  135  8:52  Zergling x16  
  149  9:02  Lurker x3  
  149  9:03  Lurker x3  
  149  9:08  Hydralisk x2  
  149  9:09  Zergling x12  
  164  9:10  Zergling x2  
  164  9:12  Overlord  
  164  9:18  Hydralisk  
  164  9:19  Extractor, Zergling x10  
  154  9:40  Hydralisk  
  154  9:41  Hydralisk x2, Zergling x2  
  154  9:42  Zergling x16  
  152  9:49  Hydralisk x6  
  159  9:53  Queen  
  159  9:59  Hydralisk  
  158  10:00  Hydralisk x2  
  158  10:01  Zergling x8  
  158  10:04  Hydralisk x2  
  151  10:13  Hydralisk x3  
  151  10:14  Zergling x6  
  150  10:20  Hydralisk  
  149  10:29  Hatchery  
Show
View Real Time Build Order
Export as new Build Order

Neeb Protoss 

Build Orders: 1 Gate Expand, Oracle Opening 

Get SALT Encoding   

  12  0:00  Probe  
  13  0:15  Pylon  
  13  0:17  Probe (Chrono Boost)  
  15  0:29  Probe (Chrono Boost)  
  15  0:34  Probe (Chrono Boost)  
  16  0:42  Gateway  
  16  0:44  Probe  
  16  0:49  Assimilator  
  17  0:56  Probe  
  18  1:03  Pylon  
  18  1:08  Probe  
  19  1:20  Probe  
  20  1:27  Nexus  
  20  1:37  Cybernetics Core  
  20  1:40  Probe  
  20  1:46  Assimilator  
  21  1:52  Probe  
  22  1:55  Pylon  
  22  2:04  Probe (Chrono Boost)  
  23  2:11  Adept (Chrono Boost)  
  26  2:16  Probe (Chrono Boost)  
  26  2:22  Probe (Chrono Boost)  
  27  2:30  Stargate, Adept  
  27  2:31  Probe (Chrono Boost)  
  30  2:39  Probe (Chrono Boost)  
  30  2:40  Warp Gate  
  32  2:48  Probe (Chrono Boost)  
  32  2:49  Probe (Chrono Boost)  
  33  2:54  Probe (Chrono Boost)  
  33  2:55  Probe  
  33  2:57  Adept  
  37  3:05  Probe  
  37  3:07  Probe  
  37  3:11  Oracle (Chrono Boost)  
  39  3:17  Probe  
  39  3:19  Probe  
  44  3:20  Pylon  
  44  3:24  Gateway  
  44  3:30  Gateway, Probe  
  44  3:31  Probe  
  46  3:39  Oracle (Chrono Boost)  
  46  3:42  Probe  
  46  3:43  Probe  
  49  3:51  Assimilator  
  49  3:53  Adept  
  49  3:54  Probe  
  50  3:55  Probe  
  50  3:57  Pylon  
  51  4:06  Probe  
  51  4:07  Pylon  
  51  4:08  Probe  
  53  4:13  Phoenix (Chrono Boost)  
  53  4:18  Probe  
  53  4:20  Probe  
  51  4:30  Probe  
  50  4:32  Probe  
  51  4:42  Adept x2, Probe  
  51  4:44  Adept, Probe  
  57  4:56  Probe  
  57  4:57  Nexus  
  57  4:59  Pylon  
  59  5:03  Probe  
  59  5:04  Adept x3  
  65  5:08  Probe  
  65  5:12  Assimilator  
  66  5:15  Probe  
  66  5:20  Probe  
  68  5:26  Robotics Facility  
  68  5:27  Probe  
  69  5:30  Pylon, Sentry  
  69  5:31  Sentry  
  69  5:32  Probe  
  74  5:36  Sentry  
  74  5:39  Probe  
  77  5:44  Probe  
  76  5:51  Probe  
  75  5:57  Probe  
  75  6:02  Twilight Council  
  75  6:03  Probe  
  75  6:04  Forge  
  75  6:07  Pylon  
  75  6:09  Probe x2  
  75  6:15  Probe  
  75  6:16  Warp Prism  
  72  6:20  Charge  
  72  6:21  Probe  
  72  6:22  Adept, Probe  
  72  6:23  Zealot x2  
  80  6:27  Probe  
  81  6:33  Gateway x2  
  81  6:34  Probe  
  81  6:36  Gateway  
  81  6:38  Gateway  
  81  6:39  Gateway  
  84  6:40  Protoss Ground Weapons Level 1 (Chrono Boost)  
  84  6:44  Assimilator  
  83  6:48  Assimilator  
  83  6:51  Probe x3  
  85  6:56  Observer  
  86  7:01  Templar Archives  
  86  7:03  Probe x3  
  86  7:07  Sentry, Pylon  
  91  7:14  Zealot x2  
  91  7:15  Probe x3  
  98  7:22  Pylon  
  98  7:25  Pylon  
  98  7:27  Probe x2  
  100  7:32  Zealot x3  
  105  7:38  Probe  
  105  7:39  Probe  
  105  7:42  Pylon  
  106  7:46  Zealot x3  
  111  7:52  Nexus  
  111  7:54  Pylon  
  111  7:58  Zealot  
  111  7:59  Zealot x4  
  111  8:02  Probe x3  
  122  8:14  Probe x3  
  122  8:19  Zealot x5  
  129  8:21  High Templar x2  
  129  8:22  Protoss Ground Weapons Level 2 (Chrono Boost), Zealot  
  122  8:29  Gateway  
  122  8:30  Gateway  
  121  8:36  Gateway  
  121  8:37  Archon, Gateway  
  121  8:39  Observer  
  122  8:43  High Templar x2  
  122  8:44  High Templar x4  
  122  8:46  Probe x3  
  137  8:49  Archon x3  
  137  8:55  Pylon  
  135  8:58  Probe  
  135  8:59  Assimilator  
  136  9:03  High Templar x2  
  136  9:08  Archon  
  138  9:16  Gateway  
  138  9:17  Photon Cannon, Gateway  
  138  9:18  Zealot x6  
  150  9:30  Zealot x3  
  141  9:39  Observer  
  141  9:45  Zealot x8  
  136  9:47  Probe  
  128  10:00  Immortal  
  128  10:01  Zealot x3  
  128  10:05  Zealot x6  
  123  10:08  Oracle (Chrono Boost)  
  105  10:17  Zealot x3  
Tags
 
Add a new tag
Caveats
  • Supply blocks, unpowered buildings, or Contaminate may cause inaccurate times.
  • Supply counts are checked every 10 seconds.